 Dungeon Crawl Stone Soup version 0.31-a0-1549-g5ff9445e89 (webtiles) character file.

Game seed: 5907326497375400437

1696537 Drazool the Shatterer (level 25, 340/340 HPs)
             Began as a Troll Shapeshifter on Jan 2, 2024.
             Was an Initiate of Gozag.
             Escaped with the Orb
             ... and 3 runes on Jan 3, 2024!
             The game lasted 03:47:26 (64592 turns).

Drazool the Shatterer (Troll Shapeshifter)         Turns: 64592, Time: 03:47:26

Health: 340/340    AC: 37    Str: 37    XL:     25   Next: 48%
Magic:  26/30      EV: 15    Int:  9    God:    Gozag
Gold:   4873       SH:  0    Dex: 15    Spells: 29/35 levels left

rFire   . . .        a - +10 giant spiked club (spect)
rCold   . . .        (shield currently unavailable)
rNeg    + . .        i - melded +3 storm dragon scales "Umonlual" {Harm rElec rPois rN+ Str+2 Int-5}
rPois   ∞            I - +0 hat of Asceticism {Regen+}
rElec   +            J - +2 cloak {rPois}
rCorr   .            (gloves unavailable)
SInv    .            (boots unavailable)
Will    +....        s - amulet of the acrobat
Stlth   +            d - +6 ring of dexterity
HPRegen 2.36/turn    y - ring "Byewavut" {Int+3 Slay+4}
MPRegen 0.22/turn

%: acrobat
@: statue-form, gold aura, studying 2 skills, very slow
A: slow and powerful, torment resistance 1, boosted hp, large, unfitting armour,
claws 3, regeneration 1, (shaggy fur 1), (tough skin 1)
0: Orb of Zot
}: 3/15 runes: decaying, silver, gossamer
a: Begin Untransformation, Renounce Religion, Potion Petition, Call Merchant,
Bribe Branch


You escaped.
You worshipped Gozag.
Gozag was most pleased with you.
You were a living statue of rough stone.
You visited 9 branches of the dungeon, and saw 47 of its levels.
You visited the Abyss 1 time.
You visited 1 bazaar.
You also visited: Bailey and Gauntlet.

You collected 26871 gold pieces.
You spent 4304 gold pieces at shops.
You paid 17694 gold pieces to Gozag.


Innate Abilities, Weirdness & Mutations

You are a living statue of rough stone.
Your actions are slow, but your melee attacks are powerful.
You are resistant to unholy torment.
Your maximum health is greatly increased.
Your equipment is partially melded.
You are too large for most types of armour.
You are immune to poison.
You have claws for hands.
Your natural rate of healing is unusually fast.
((You are covered in fur. (AC +1)))
((You have tough skin. (AC +1)))


   Skills:
 + Level 17.4 Fighting
 - Level 22.0 Maces & Flails
 - Level 10.7 Throwing
 - Level 5.2 Armour
 - Level 10.7 Dodging
 - Level 3.8 Unarmed Combat
 - Level 5.7 Spellcasting
 + Level 15.5 Translocations
 + Level 22.0 Shapeshifting


You had 29 spell levels left.
You knew the following spells:

 Your Spells              Type           Power      Damage    Failure   Level
m - Manifold Assault      Tloc           30%        N/A       1%          4
B - Blink                 Tloc           60%        N/A       1%          2

Your spell library contained the following spells:

 Spells                   Type           Power      Damage    Failure   Level
 Apportation              Tloc           60%        N/A       1%          1
 Lesser Beckoning         Tloc           60%        N/A       1%          2
 Momentum Strike          Conj/Tloc      32%        3d8       1%          2
 Volatile Blastmotes      Fire/Tloc      32%        2d12      2%          3
 Dispersal                Tloc           15%        N/A       6%          6
 Dimensional Bullseye     Hex/Tloc       8%         N/A       10%         4
 Iskenderun's Mystic Bla  Conj/Tloc      16%        2d5       10%         4
 Vhi's Electric Charge    Tloc/Air       32%        N/A       10%         4
 Foxfire                  Conj/Fire      8%         2x1d4     22%         1
 Necrotise                Necr           8%         1d4       22%         1
 Shock                    Conj/Air       8%         1d3       22%         1
 Slow                     Hex            8%         N/A       22%         1
 Sting                    Conj/Alch      8%         1d3       22%         1
 Summon Small Mammal      Summ           8%         N/A       22%         1
 Summon Forest            Summ/Tloc      8%         N/A       26%         5
 Ensorcelled Hibernation  Hex/Ice        4%         N/A       34%         2
 Jinxbite                 Hex            4%         N/A       34%         2
 Call Canine Familiar     Summ           2%         N/A       56%         3
 Confusing Touch          Hex            2%         N/A       56%         3
 Fugue of the Fallen      Necr           2%         N/A       56%         3
 Inner Flame              Hex/Fire       2%         N/A       56%         3
 Ozocubu's Armour         Ice            2%         N/A       56%         3
 Sigil of Binding         Hex            2%         N/A       56%         3
 Summon Ice Beast         Ice/Summ       2%         N/A       56%         3
 Swiftness                Air            2%         N/A       56%         3
 Tukima's Dance           Hex            2%         N/A       56%         3
 Vampiric Draining        Necr           2%         2d6       56%         3
 Airstrike                Air            1%         2d(1-17)  92%         4
 Anguish                  Hex/Necr       1%         N/A       92%         4
 Brom's Barrelling Bould  Conj/Erth      2%         2d3       92%         4
 Cause Fear               Hex            1%         N/A       92%         4
 Flame Wave               Conj/Fire      2%         2d4       92%         4
 Fulminant Prism          Conj/Alch      1%         3d5       92%         4
 Leda's Liquefaction      Alch/Erth      1%         N/A       92%         4
 Martyr's Knell           Necr/Summ      2%         N/A       92%         4
 Olgreb's Toxic Radiance  Alch           2%         N/A       92%         4
 Petrify                  Alch/Erth      2%         N/A       92%         4
 Sticky Flame             Fire/Alch      2%         2d4       92%         4
 Summon Blazeheart Golem  Fire/Summ      2%         N/A       92%         4
 Disjunction              Tloc           15%        N/A       95%         8
 Alistair's Intoxication  Alch           1%         N/A       99%         5
 Arcjolt                  Conj/Air       1%         1d11      99%         5
 Curse of Agony           Necr           2%         N/A       99%         5
 Fireball                 Conj/Fire      1%         3d3       99%         5
 Irradiate                Conj/Alch      1%         3d12      99%         5
 Iskenderun's Battlesphe  Conj           2%         2d6       99%         5
 Lee's Rapid Deconstruct  Erth           1%         3d4*      99%         5
 Metabolic Englaciation   Hex/Ice        1%         N/A       99%         5
 Silence                  Hex/Air        1%         N/A       99%         5
 Summon Mana Viper        Hex/Summ       2%         N/A       99%         5
 Bombard                  Conj/Erth      1%         9d1       100%        6
 Conjure Ball Lightning   Conj/Air       1%         3x3d6     100%        6
 Eringya's Noxious Bog    Alch           1%         4d6       100%        6
 Plasma Beam              Fire/Air       1%         2x1d11    100%        6
 Starburst                Conj/Fire      1%         6d3       100%        6
 Summon Cactus Giant      Summ           1%         N/A       100%        6
 Enfeeble                 Hex            1%         N/A       100%        7
 Monstrous Menagerie      Summ           1%         N/A       100%        7
 Orb of Destruction       Conj           1%         9d5       100%        7
 Ozocubu's Refrigeration  Ice            1%         4d7       100%        7
 Spellforged Servitor     Conj/Summ      1%         N/A       100%        7
 Summon Hydra             Summ           1%         N/A       100%        7
 Discord                  Hex            1%         N/A       100%        8
 Ignition                 Fire           1%         3d3       100%        8
 Lehudib's Crystal Spear  Conj/Erth      1%         10d2      100%        8
 Dragon's Call            Summ           1%         N/A       100%        9
 Sublimation of Blood     Necr           Unusable   N/A       N/A         2

Inventory:

Hand Weapons
 a - a +10 spectral giant spiked club (weapon)
 b - the +7 great mace "Firestarter" {flame, immolate, rFlCloud rF++}
   (You found it on level 3 of the Depths)

   rFlCloud:  It grants immunity to clouds of flame.
   rF++:      It greatly protects you from fire.
 c - a +9 vampiric giant spiked club
Missiles
 t - 3 throwing nets {=f}
 M - 7 silver javelins
 P - 14 curare-tipped darts {=f}
 R - 79 large rocks {=f}
Armour
 i - the +3 storm dragon scales "Umonlual" (melded) {Harm rElec rPois rN+ Str+2 Int-5}
   (You found it on level 5 of the Vaults)

   Str+2:     It affects your strength (+2).
   Int-5:     It affects your intelligence (-5).
   rElec:     It insulates you from electricity.
   rPois:     It protects you from poison rN+: It protects you from negative
   energy.
   Harm:      It increases damage dealt and taken.
 I - the +0 hat of Asceticism (worn) {Regen+}
   (You acquired it on level 4 of the Spider Nest)

   Regen+:    It increases your rate of health regeneration.
 J - a +2 cloak of poison resistance (worn)
Jewellery
 d - a +6 ring of dexterity (left claw)
 s - an amulet of the acrobat (around neck)
 y - the ring "Byewavut" (right claw) {Int+3 Slay+4}
   (You bought it in a shop on level 2 of the Elven Halls)

   [ring of slaying]

   Int+3:     It affects your intelligence (+3).
   Slay+4:    It affects your accuracy & damage with ranged weapons and melee
   (+4).
 L - a ring of flight
 Z - the ring of Guczeveg {+Blink rC+ rN+}
   (You took it off a yaktaur captain on level 2 of the Vaults)

   [ring of protection from cold]

   rC+:       It protects you from cold.
   rN+:       It protects you from negative energy.
   +Blink:    It lets you blink.
Talismans
 p - a granite talisman (active)
Wands
 l - a wand of digging (22)
 r - a wand of flame (131)
 w - a wand of iceblast (55)
 B - a wand of mindburst (78)
 N - a wand of polymorph (34)
 Q - a wand of charming (40)
 V - a wand of acid (41)
Scrolls
 g - 17 scrolls of teleportation {@r2}
 j - 10 scrolls of fear
 m - 6 scrolls of poison
 n - a scroll of revelation
 A - 5 scrolls of fog
 C - 7 scrolls of immolation
 K - 8 scrolls of vulnerability
 O - 2 scrolls of butterflies
 S - 6 scrolls of blinking
 W - a scroll of enchant armour
Potions
 e - 5 potions of haste {@q3}
 h - 10 potions of curing {@q1}
 k - 14 potions of might
 o - a potion of invisibility
 q - 17 potions of mutation
 u - 15 potions of ambrosia
 v - 9 potions of brilliance
 x - 14 potions of heal wounds {@q2}
 z - 15 potions of enlightenment
 D - 10 potions of lignification
 F - 3 potions of attraction
 G - 4 potions of resistance
 H - 2 potions of magic
 T - 2 potions of berserk rage {!q}
 Y - 9 potions of cancellation
Miscellaneous
 f - a phantom mirror
 E - a phial of floods
 U - a sack of spiders
 X - a lightning rod (4/4)

Dungeon Overview and Level Annotations

Branches:
Dungeon (15/15)            Temple (0/1) D:6            Lair (5/5) D:8
  Swamp (4/4) Lair:2       Spider (4/4) Lair:3        Slime (0/5) Lair:5
    Orc (2/2) D:10            Elf (3/3) Orc:2        Vaults (5/5) D:13
  Crypt (0/3) Vaults:2     Depths (4/4) D:15            Zot (5/5) Depths:4
 Bailey (visited)         Gauntlet (visited)

Altars:
Cheibriados
Dithmenos
Fedhas
Gozag
Hepliaklqana
Nemelex Xobeh
Qazlal
Ru
Xom
Zin
The Shining One
Jiyva

Shops:
D:13 [   Orc:1 :   Orc:2 ::([   Elf:2 (((=   Elf:3 (*   Vaults:1 [   Vaults:4 [
Depths:2 (   Depths:4 =

Portals:
Hell: Depths:1 Depths:2 Depths:3 Depths:4
Abyss: Depths:3 Depths:4
Pandemonium: Depths:1 Depths:2
Ziggurat: Depths:2
Gauntlet: Lair:4

Annotations:
D:10 1 runed translucent door, Pooter's ghost, journeyman MiMo
Lair:5 1 runed translucent door
Elf:2 3 runed translucent doors
Zot:3 3 runed translucent doors, Kinwaexu's ghost, veteran OnBe

#.##.$>.......###..#.............
#.####..#.########...)...#.#.#.#.
..# #..........####.............
..####..#.#####....##....#.#.#.#.
....#..##..## ####........#.##...
###...##.$#.## #.....#....###)# #
#..###4###.########....######.#
###..##.4# ##$......##...........
.....#######..$.8....########....
.....##...................##..#.#
.....#...⌠....##+##....⌠...#.##.#
.....#........#...#........#.##.#
.....#........'8.8+........#.#..#
....†###########'###########.#.##
...>.............................
..........##......##########[....
....#.............## #......


There were no monsters in sight!


Message History

A cacodemon and an orange demon come into view.
The cacodemon shouts!
The orange demon screeches!
Unknown command.
You closely miss the cacodemon.
Your +10 spectral giant spiked club hits the cacodemon!!!!
The orange demon misses you.
Unknown command.
You stick the cacodemon like a pincushion!!!
You kill the cacodemon!
Your +10 spectral giant spiked club disappears.
The orange demon misses you.
Your Shapeshifting skill increases to level 22!
Unknown command.
The orange demon attacks as it pursues you!
The orange demon completely misses you. The orange demon misses you.
The orange demon attacks as it pursues you!
The orange demon stings you but does no damage.
The orange demon attacks as it pursues you!
The orange demon completely misses you. x2
There is a staircase leading out of the dungeon here.
Space momentarily warps into an impossible shape!
You perforate the orange demon like a sieve!!!
You kill the orange demon!
You skewer the orange demon like a kebab!!!
Your +10 spectral giant spiked club hits the orange demon!!
You kill the orange demon!
Unknown command.
Your +10 spectral giant spiked club disappears.
You have escaped!

Skill      XL: |  1  2  3  4  5  6  7  8  9 10 11 12 13 14 15 16 17 18 19 20 21 22 23 24 25 |
---------------+----------------------------------------------------------------------------+-----
Maces & Flails | 1 2 3 4 6 8 9 11 14 15 16 18 20 21 22 | 22.0
Shapeshifting  | 4 5 6 8 10 14 15 16 17 19 20 21 22 | 22.0
Fighting       | 2 4 5 7 8 11 12 13 15 16 17 | 17.4
Dodging        | 3 4 5 8 10 | 10.7
Translocations | 2 9 11 12 13 14 15 | 15.5
Armour         | 1 5 |  5.2
Spellcasting   | 5 |  5.7
Throwing       | 5 8 10 | 10.7
Unarmed Combat | |  3.8

Action                     |  1- 3 |  4- 6 |  7- 9 | 10-12 | 13-15 | 16-18 | 19-21 | 22-24 | 25-27 || total
---------------------------+-------+-------+-------+-------+-------+-------+-------+-------+-------++-------
  Melee: Unarmed           |    63 |       |       |       |       |       |       |       |       ||    63
         Giant spiked club |    21 |    31 |   145 |   306 |   484 |   917 |   971 |   724 |    91 ||  3690
         Great mace        |       |       |       |       |       |       |       |   135 |       ||   135
  Throw: Boomerang         |       |     2 |     3 |    10 |    35 |    15 |       |       |       ||    65
         Dart              |       |       |       |     3 |     9 |       |       |       |       ||    12
         Javelin           |       |       |       |       |     1 |     1 |       |       |       ||     2
   Cast: Manifold Assault  |       |       |       |       |       |   396 |   443 |   403 |    46 ||  1288
 Invoke: Potion Petition   |       |       |       |     1 |     1 |     3 |       |     1 |       ||     6
         Bribe Branch      |       |       |       |       |       |       |       |     3 |     2 ||     5
Ability: Begin Untransform |       |       |       |     1 |       |       |       |       |       ||     1
  Evoke: Wand              |       |     1 |     3 |     8 |    13 |    15 |     3 |     3 |     1 ||    47
         Sack of spiders   |       |       |       |       |     1 |       |       |       |       ||     1
    Use: Scroll            |     7 |     3 |     8 |    17 |     6 |     8 |     3 |     5 |       ||    57
         Potion            |       |       |     1 |     1 |     4 |     3 |     3 |     8 |     2 ||    22
   Stab: Distracted        |       |       |     1 |     6 |     8 |     3 |     2 |     9 |     1 ||    30
         Sleeping          |       |       |       |       |     1 |     1 |       |       |       ||     2
         Invisible         |       |       |       |       |       |     1 |       |       |       ||     1
         Paralysed         |       |       |       |       |       |       |     1 |       |       ||     1
 Armour: Animal skin       |    54 |    15 |   103 |   236 |   297 |    55 |       |       |       ||   760
         Skin              |       |       |       |       |    11 |   939 |   362 |   368 |    36 ||  1716
         Fire dragon scale |       |       |       |       |       |     2 |       |       |       ||     2
  Dodge: Dodged            |    32 |     7 |    59 |   129 |   228 |   599 |   328 |   339 |    35 ||  1756
         Repelled          |       |       |       |     1 |     1 |       |       |       |       ||     2
   Form: Beast             |     1 |       |       |       |     1 |       |       |       |       ||     2
                           |       |       |       |       |     3 |     2 |     1 |     1 |       ||     7
         Statue            |       |       |       |       |     2 |     3 |     1 |     1 |       ||     7

Levels and vault maps discovered:
D:1:      giann_wishing_wells, layout_rooms, minmay_misc_feat_roman,
          chequers_garden, st_stairs_13
D:2:      layout_basic, basic_ecumenical_altar, uniq_robin, uniq_natasha,
          uniq_terence
D:3:      layout_basic
D:4:      layout_cave_pods, mainiacjoe_overflow_paths,
          grunt_temple_overflow_order_and_chaos_1,
          chequers_serial_rivers_micro_a, dreamdust_mushroom_princess,
          uniq_menkaure, uniq_edmund
D:5:      layout_basic, minmay_diced_spiral, uniq_prince_ribbit1
D:6:      layout_cave_pools, mainiacjoe_overflow_cross_hatched,
          nicolae_dithmenos_shadow_blocks, minmay_temple_entry_mini_moons,
          serial_column_ruins, column_ruins_temple_hall,
          column_ruins_hut_pillars, column_ruins_open_medium,
          column_ruins_grid_1, column_ruins_open_small, column_ruins_open_tiny,
          column_ruins_columns_T, column_ruins_open_small,
          column_ruins_corridor_straight, kennysheep_pointless_box,
          chequers_hall_statues_wall_a, uniq_crazy_yiuf_cottage
D:7:      layout_cave_pools, serial_glass, glass_columns_b, glass_columns_a,
          feat_on_display
D:8:      layout_loops_cross, nemelex_diamond_rough_becter,
          mainiacjoe_overflow_small_starburst, erik_lair_island, enter_bailey_5
D:9:      layout_irregular_city, lemuel_coloured_pillars_altar,
          kennysheep_mini_moat, nrook_pool_corridor
D:10:     layout_basic, hiddenorc1_lemuel, ebering_ghost_funeral_grove
D:11:     minmay_the_grid_square_5x5_3x3 [minmay_the_grid_square_5x5_dogpile,
          minmay_the_grid_square_5x5_eight, minmay_the_grid_square_5x5_minimal,
          minmay_the_grid_square_5x5_two_walls_b,
          minmay_the_grid_square_5x5_megaprize_hollow,
          minmay_the_grid_square_5x5_half_checkered,
          minmay_the_grid_square_5x5_inner_z, minmay_the_grid_square_5x5_mess,
          minmay_the_grid_square_5x5_checkered_statues], layout_basic,
          minmay_pinched_square
D:12:     layout_layer_cave
D:13:     layout_irregular_city, david_vaults_4, serial_shops, shop
D:14:     layout_cave_pools, chequers_serial_rivers_micro_a, kb_rosetta
D:15:     hangedman_crystal_crosses_colossus [crystal_crosses_arms_four,
          crystal_crosses_arms_two, crystal_crosses_arms_two], serial_shops
Lair:1:   layout_roguey, basic_altar
Lair:2:   layout_chaotic_city, palyth_hydra_swamp_entry,
          infiniplex_staircase_pool_2
Lair:3:   layout_regular_city, dummy_spider_entry, basic_altar
Lair:4:   layout_roguey [special_room_mythical_zoo], uniq_sonja
Lair:5:   minmay_lair_end_frog_pond, layout_loops_ring, slime_entry_2,
          gauntlet_entry_generic, grunt_megastairs_2, infiniplex_staircase_pool
Swamp:1:  layout_falls_marsh, evilmike_swamp_ruin_house_4, swamp_pool_1_2,
          nicolae_swamp_super_fun_site
Swamp:2:  layout_falls_marsh, evilmike_swamp_ruin_house_1
Swamp:3:  layout_basic_swamp, evilmike_swamp_ruin_rubble_2
Swamp:4:  swamp_vile, layout_basic_swamp, swamp_pool_1_2, uniq_mlioglotl
Spider:1: nicolae_spider_hilbert_zone_5 [nicolae_spider_hilbert_3_sides_1_open,
          nicolae_spider_hilbert_4_sides_1_open,
          nicolae_spider_hilbert_4_sides_1_open,
          nicolae_spider_hilbert_6_sides_1_open,
          nicolae_spider_hilbert_6_sides_1_open], special_room
          [special_room_bee], nicolae_spider_webs_and_nodes
Spider:2: layout_spider_delve, guppyfry_hornet_nest, uniq_azrael, uniq_aizul,
          uniq_arachne
Spider:3: layout_spider_delve
Spider:4: hellmonk_spider_rune_bug_friends
Orc:1:    layout_diamond_mine, serial_shops, shop, mines1_david, uniq_erolcha,
          uniq_nergalle
Orc:2:    grunt_orc_community_town_hall, layout_caves,
          grunt_orc_community_big_house_2, grunt_orc_community_big_house_2,
          grunt_orc_community_house_3, grunt_orc_community_house_1,
          grunt_orc_community_house_3, grunt_orc_community_house_2,
          grunt_orc_community_house_2, uniq_nessos, uniq_donald
Elf:1:    eino_elf_arrival_customs, layout_gridlike,
          portal_desolation_entry_ruin, serial_shops, bzr_entry_water,
          nicolae_elf_blasts_and_bolts, st_stairs_12, uniq_agnes
Elf:2:    elven_hall_of_blades_hangedman_original
          [infiniplex_blade_entry_pillars], layout_loops_cross, serial_shops,
          nicolae_stop_n_shop_2, nicolae_shop_gaudy_bauble, shop, shop
Elf:3:    minmay_elf_hall_statues, layout_geoelf_castle, serial_shops,
          nicolae_shop_hallway_stairs, nicolae_shop_sticking_my_neck_out
Vaults:1: v_alt_pattern_5, nicolae_vaults_trapezoid_lopsided_3,
          nicolae_vaults_network_square, nicolae_vaults_network_periphery,
          vaults_room_door_hall, ontoclasm_vaults_fault, v_misc_22, v_misc_29,
          grunt_vaults_focal, nicolae_vaults_tangent_ellipses,
          nicolae_vaults_hexular_roomagon, nicolae_vaults_little_ls,
          nicolae_vaults_trapezoid_2, grunt_vaults_hallway_long,
          vaults_room_corners, vaults_dpeg_diagonal, layout_vaults_omnicross,
          serial_shops, shop
Vaults:2: v_alt_pattern_2, nicolae_vaults_little_guard_posts, v_misc_29,
          vaults_room_stairs_pillars, v_misc_19, v_rooms_4,
          hangedman_vaults_maws, minmay_crypt_entry_simple_statues, v_misc_4,
          v_misc_17, nicolae_vaults_prndl, nicolae_vaults_network_barrier,
          layout_vaults_maze
Vaults:3: nicolae_vaults_double_plus_1, nicolae_vaults_storage_closets_2,
          vaults_mumra_chevron_long, vaults_mumra_chevron, v_misc_5,
          nicolae_vaults_turnstiles, layout_vaults_quadrants, uniq_jory
Vaults:4: nicolae_vaults_lightning_bolt, nicolae_vaults_more_shelving_1,
          nicolae_vaults_trapezoid_lopsided_1, nicolae_vaults_wine_cellar,
          dpeg_vaults_monster_box, serial_ice_b, vaults_room_stairs_pillars,
          nicolae_vaults_apartment_1, v_misc_2, nicolae_vaults_circle_grid_a,
          layout_vaults_big_room
Vaults:5
Depths:1: constructs_gauntlet_mu_hangedman, layout_gridlike, pan_entry,
          grunt_mini_vestibule, chequers_serial_rivers_room_b,
          nicolae_ru_great_annihilating_truth
Depths:2: dreamdust_hydra_shepherd, layout_cave_pools, enter_ziggurat_f,
          serial_shops, shop, hell_entry, pan_entry,
          minmay_staircase_windowed_large
Depths:3: minmay_octo_star, layout_cave_pools, hangedman_tar_grid_catacomb,
          abyss_entry, serial_bayou_shore_b, minmay_staircase_statues_hall_small
Depths:4: grunt_zot_entry_gee_three, layout_honeycomb, abyss_entry,
          grunt_hell_entry_dis_mu, serial_shops, shop, uniq_mennas
Zot:1:    layout_misc_corridors, hangedman_zot_wheel_spokes, uniq_josephina
Zot:2:    evilmike_crystal_ball_defense, layout_onion_interference,
          regret_index_zotdec_split_disrupt
Zot:3:    layout_basic, ebering_ghost_rock_garden, nicolae_tricolors, uniq_vv
Zot:4:    grunt_zot_stairs_mandelzot, layout_gridlike
Zot:5:    layout_basic

Notes
Turn   | Place    | Note
-------+----------+-------------------------------------------
     0 | D:1      | Drazool the Troll Shapeshifter began the quest for the Orb.
     0 | D:1      | Reached XP level 1. HP: 18/18 MP: 0/0
   272 | D:1      | Reached XP level 2. HP: 23/26 MP: 1/1
   601 | D:2      | Reached XP level 3. HP: 32/32 MP: 2/2
   609 | D:2      | You are sucked into a shaft and drop 1 floor!
   857 | D:3      | Identified a scroll of acquirement
   858 | D:3      | Acquired a +10 spectral giant spiked club
   974 | D:2      | Found a faded altar of an unknown god.
  1126 | D:2      | Noticed Natasha
  1133 | D:2      | Reached skill level 1 in Maces & Flails
  1133 | D:2      | Killed Natasha
  1134 | D:2      | Reached XP level 4. HP: 33/40 MP: 3/3
  1234 | D:2      | Noticed Terence
  1247 | D:2      | Killed Terence
  1248 | D:2      | Reached skill level 2 in Maces & Flails
  1248 | D:2      | Reached skill level 4 in Shapeshifting
  1333 | D:2      | Noticed Robin
  1345 | D:2      | Killed Robin
  1367 | D:2      | Reached XP level 5. HP: 45/46 MP: 4/4
  1434 | D:2      | Noticed Natasha
  1437 | D:2      | Killed Natasha
  1647 | D:2      | Noticed Natasha
  1651 | D:2      | Killed Natasha
  1652 | D:2      | Reached skill level 3 in Maces & Flails
  2016 | D:4      | Found a shimmering altar of Xom.
  2017 | D:4      | Noticed an angel
  2020 | D:4      | Found a glowing silver altar of Zin.
  2054 | D:4      | Reached XP level 6. HP: 52/54 MP: 5/5
  2070 | D:4      | Reached skill level 4 in Maces & Flails
  2135 | D:4      | Found an opulent altar of Gozag.
  2335 | D:4      | Noticed Menkaure
  2346 | D:4      | Killed Menkaure
  2347 | D:4      | Reached skill level 5 in Shapeshifting
  2347 | D:4      | Reached XP level 7. HP: 58/61 MP: 6/6
  2412 | D:4      | Reached skill level 1 in Fighting
  2461 | D:4      | Reached skill level 5 in Maces & Flails
  2634 | D:4      | Noticed Edmund
  2646 | D:4      | Killed Edmund
  2647 | D:4      | Reached skill level 2 in Fighting
  2896 | D:4      | Became a worshipper of Gozag Ym Sagoz the Greedy
  2930 | D:5      | Entered Level 5 of the Dungeon
  2980 | D:5      | Reached skill level 6 in Maces & Flails
  3071 | D:5      | Reached XP level 8. HP: 74/74 MP: 7/7
  3090 | D:5      | Noticed Prince Ribbit
  3112 | D:5      | Killed Prince Ribbit
  3113 | D:5      | Reached skill level 3 in Fighting
  3165 | D:5      | Reached skill level 7 in Maces & Flails
  3654 | D:6      | Found a faded altar of an unknown god.
  3671 | D:6      | Found a stormy altar of Qazlal.
  3678 | D:6      | Reached skill level 4 in Fighting
  3678 | D:6      | Reached skill level 8 in Maces & Flails
  3753 | D:6      | Found a shadowy altar of Dithmenos.
  3855 | D:6      | Found a staircase to the Ecumenical Temple.
  3873 | D:6      | Reached XP level 9. HP: 58/84 MP: 8/8
  4492 | D:7      | Reached skill level 9 in Maces & Flails
  4639 | D:7      | Reached skill level 5 in Fighting
  4996 | D:8      | Found a snail-covered altar of Cheibriados.
  5037 | D:8      | Reached skill level 2 in Dodging
  5108 | D:8      | Found a sparkling altar of Nemelex Xobeh.
  5187 | D:8      | Found a staircase to the Lair.
  5192 | D:8      | Found a flagged portal.
  5213 | Bailey   | Entered a bailey
  5301 | Bailey   | Identified a +0 crystal plate armour
  5301 | Bailey   | Noticed an orc knight
  5312 | Bailey   | Killed an orc knight
  5313 | Bailey   | Reached skill level 3 in Dodging
  5324 | Bailey   | Reached XP level 10. HP: 59/98 MP: 9/9
  5345 | Bailey   | Noticed an orc knight
  5385 | Bailey   | Reached skill level 6 in Fighting
  5402 | Bailey   | Killed an orc knight
  5403 | Bailey   | Reached skill level 10 in Maces & Flails
  5587 | D:8      | Reached skill level 4 in Dodging
  6360 | D:9      | Noticed a two-headed ogre
  6597 | D:9      | Found a glowing golden altar of the Shining One.
  6622 | D:9      | Killed a two-headed ogre
  6777 | D:9      | Reached skill level 7 in Fighting
  7028 | D:9      | Found a hazy altar of Hepliaklqana.
  7177 | D:10     | Entered Level 10 of the Dungeon
  7177 | D:10     | Noticed a two-headed ogre
  7182 | D:10     | Killed a two-headed ogre
  7183 | D:10     | Reached skill level 11 in Maces & Flails
  7339 | D:10     | Reached XP level 11. HP: 42/109 MP: 10/10
  7513 | D:10     | Reached skill level 12 in Maces & Flails
  7575 | D:10     | Learned a level 2 spell: Blink
  7912 | D:10     | Found a runed translucent door.
  7916 | D:10     | Noticed Pooter's ghost (journeyman MiMo)
  7917 | D:10     | Identified the +5 spear of Exchange {antimagic, rC+ rN+}
  7955 | D:10     | Found a staircase to the Orcish Mines.
  8183 | Lair:1   | Entered Level 1 of the Lair of Beasts
  8239 | Lair:1   | Found a blossoming altar of Fedhas.
  9068 | Lair:2   | Reached skill level 13 in Maces & Flails
  9173 | Lair:2   | Reached skill level 14 in Maces & Flails
  9525 | Lair:2   | Noticed a four-headed hydra
  9531 | Lair:2   | Killed a four-headed hydra
  9535 | Lair:2   | Reached XP level 12. HP: 51/118 MP: 11/11
  9603 | Lair:2   | Found a staircase to the Swamp.
  9965 | Lair:3   | Noticed a catoblepas
  9991 | Lair:2   | Killed a catoblepas
  9992 | Lair:2   | Reached skill level 15 in Maces & Flails
 10236 | Lair:3   | Found a sparkling altar of Nemelex Xobeh.
 10236 | Lair:3   | Found a hole to the Spider Nest.
 10496 | Lair:3   | Identified a potion of resistance
 11405 | Lair:4   | Reached skill level 8 in Fighting
 11472 | Lair:4   | Reached skill level 6 in Shapeshifting
 11480 | Lair:4   | Noticed Sonja
 11502 | Lair:4   | Killed Sonja
 11588 | Lair:4   | Noticed a six-headed hydra
 11599 | Lair:4   | Killed a six-headed hydra
 11600 | Lair:4   | Reached XP level 13. HP: 94/130 MP: 12/12
 11702 | Lair:4   | Reached skill level 9 in Fighting
 12080 | Lair:5   | Entered Level 5 of the Lair of Beasts
 12082 | Lair:5   | Reached skill level 7 in Shapeshifting
 12107 | Lair:5   | Found a gate leading to a gauntlet.
 12218 | Gauntlet | Entered a Gauntlet
 12218 | Gauntlet | Found a transporter.
 12218 | Gauntlet | Found a transporter.
 12261 | Gauntlet | Found a transporter.
 12276 | Gauntlet | Found a transporter.
 12292 | Gauntlet | Found a transporter.
 12305 | Gauntlet | Found a transporter.
 12314 | Gauntlet | Noticed a blizzard demon
 12389 | Gauntlet | Found a transporter.
 12403 | Gauntlet | Found a transporter.
 12417 | Gauntlet | Found a transporter.
 12430 | Gauntlet | Found a transporter.
 12516 | Gauntlet | Found a transporter.
 12526 | Gauntlet | Found a transporter.
 12534 | Gauntlet | Found a transporter.
 12536 | Gauntlet | Found a transporter.
 12536 | Gauntlet | Found a transporter.
 12570 | Gauntlet | Found a transporter.
 12763 | Gauntlet | HP: 6/133 [blizzard demon/the air (21)]
 12773 | Gauntlet | Killed a blizzard demon
 12859 | Gauntlet | Noticed a minotaur
 12868 | Gauntlet | Killed a minotaur
 12869 | Gauntlet | Reached skill level 10 in Fighting
 12877 | Gauntlet | Got Deowux's Encyclopedia of Massed Transposition
 12973 | Lair:5   | Reached skill level 8 in Shapeshifting
 13114 | Lair:4   | Reached skill level 11 in Fighting
 13765 | Lair:5   | Identified the ring of the Queen {Fire rPois Int-5 Slay+2}
 13780 | Lair:5   | Reached XP level 14. HP: 146/146 MP: 13/13
 13783 | Lair:5   | Reached skill level 9 in Shapeshifting
 13835 | Lair:5   | Identified a potion of experience
 13836 | Lair:5   | Reached skill level 10 in Shapeshifting
 13836 | Lair:5   | Reached XP level 15. HP: 156/156 MP: 14/14
 13971 | Lair:5   | Reached skill level 11 in Shapeshifting
 14018 | Lair:5   | Found a runed translucent door.
 14022 | Lair:5   | Found a viscous altar of Jiyva.
 14023 | Lair:5   | Found a staircase to the Slime Pits.
 14023 | Lair:5   | Noticed an azure jelly
 14023 | Lair:5   | Noticed an azure jelly
 14338 | Lair:5   | Reached skill level 12 in Shapeshifting
 14728 | Orc:1    | Entered Level 1 of the Orcish Mines
 14786 | Orc:1    | Found Luzeal's Book Emporium.
 15047 | Orc:1    | Noticed Nergalle
 15058 | Orc:1    | Killed Nergalle
 15160 | Orc:2    | Entered Level 2 of the Orcish Mines
 15503 | Orc:2    | Noticed Donald
 15570 | Orc:2    | Killed Donald
 15571 | Orc:2    | Reached skill level 13 in Shapeshifting
 15696 | Orc:2    | Found a staircase to the Elven Halls.
 15699 | Orc:2    | Noticed Nessos
 15731 | Orc:2    | Killed Nessos
 16381 | Orc:2    | Found Ycyegem's Book Boutique.
 16584 | Orc:2    | Found Soet's Book Shoppe.
 16692 | Orc:2    | Noticed Saint Roka
 16914 | Orc:2    | Killed Saint Roka
 17037 | Orc:2    | Found Kerriu Buono's Antique Weapon Boutique.
 17039 | Orc:2    | Found Nemm's Antique Armour Shop.
 17046 | Orc:2    | Bought an embroidered cloak for 225 gold pieces
 17119 | Orc:1    | Noticed Erolcha
 17130 | Orc:1    | Killed Erolcha
 17131 | Orc:1    | Reached skill level 14 in Shapeshifting
 18706 | D:11     | Reached skill level 1 in Translocations
 18979 | D:11     | Found the +10 zealot's sword {holy, Zealotry, *Rage rN+
                  | EV+3}
 18982 | D:11     | Reached skill level 2 in Translocations
 19120 | D:10     | Learned a level 4 spell: Manifold Assault
 19432 | D:12     | Reached XP level 16. HP: 165/165 MP: 15/15
 20028 | D:12     | Reached skill level 3 in Translocations
 20448 | D:13     | Found Vulurailirr's Antique Armour Shoppe.
 20674 | D:13     | Reached skill level 4 in Translocations
 20706 | D:13     | Found a gate to the Vaults.
 21504 | D:14     | Reached skill level 5 in Translocations
 21631 | D:14     | Identified the +7 plate armour of Vampiric Thralls {Rampage
                  | rPois}
 21772 | D:14     | Reached skill level 6 in Translocations
 21982 | D:14     | Reached skill level 7 in Translocations
 22229 | D:15     | Entered Level 15 of the Dungeon
 22616 | D:15     | Reached skill level 5 in Dodging
 22639 | D:15     | Paralysed by an air elemental for 1 turns
 22639 | D:15     | Noticed Azrael
 22642 | D:15     | Reached skill level 15 in Shapeshifting
 22645 | D:15     | Found a staircase to the Depths.
 22654 | D:15     | Killed Azrael
 22659 | D:15     | Paralysed by an air elemental for 1 turns
 22674 | D:15     | Reached skill level 1 in Armour
 22779 | D:15     | Reached skill level 8 in Translocations
 23510 | D:15     | Reached skill level 9 in Translocations
 23887 | D:15     | Identified the staff "Niashrif" {rElec rPois Str-3 Dex+2
                  | Air}
 24399 | Swamp:1  | Entered Level 1 of the Swamp
 24591 | Swamp:1  | You fall into a shaft and drop 1 floor!
 24598 | Swamp:2  | Reached XP level 17. HP: 172/172 MP: 11/16
 24748 | Swamp:1  | Reached skill level 10 in Translocations
 25636 | Swamp:2  | Identified the +2 dagger of Honour {antimagic, rPois}
 25851 | Swamp:2  | Reached skill level 11 in Translocations
 26321 | Swamp:3  | Reached skill level 1 in Spellcasting
 27134 | Swamp:4  | Entered Level 4 of the Swamp
 27137 | Swamp:4  | Reached skill level 2 in Spellcasting
 27704 | Swamp:4  | Reached skill level 3 in Spellcasting
 28129 | Swamp:4  | Noticed Mlioglotl
 28136 | Swamp:4  | Killed Mlioglotl
 28188 | Swamp:4  | Reached skill level 16 in Shapeshifting
 28319 | Swamp:4  | Reached skill level 4 in Spellcasting
 28544 | Swamp:4  | Got a decaying rune of Zot
 28917 | Spider:1 | Entered Level 1 of the Spider Nest
 28974 | Lair:3   | Reached skill level 5 in Spellcasting
 29415 | Spider:1 | Reached XP level 18. HP: 180/180 MP: 9/25
 29941 | Spider:1 | Reached skill level 16 in Maces & Flails
 30120 | Spider:1 | Reached skill level 2 in Armour
 30898 | Spider:1 | Reached skill level 12 in Fighting
 31100 | Spider:1 | Reached skill level 3 in Armour
 31103 | Spider:1 | Reached skill level 6 in Dodging
 31574 | Spider:2 | Identified the serpent talisman of Ashenzari's Whim {Str+3
                  | Dex+2}
 31574 | Spider:2 | Noticed Aizul
 31581 | Spider:2 | Killed Aizul
 32347 | Spider:2 | Noticed Arachne
 32356 | Spider:2 | Killed Arachne
 32675 | Spider:3 | Reached skill level 4 in Armour
 33315 | Spider:3 | Reached skill level 7 in Dodging
 33942 | Spider:4 | Entered Level 4 of the Spider Nest
 34347 | Spider:4 | Reached skill level 5 in Armour
 34391 | Spider:3 | Reached skill level 8 in Dodging
 34735 | Spider:4 | Reached XP level 19. HP: 192/192 MP: 3/26
 35034 | Spider:4 | Reached skill level 9 in Dodging
 35137 | Spider:4 | Got a gossamer rune of Zot
 35148 | Spider:4 | Identified the orb of Fun and Games {*Rage, rC+ Str+5
                  | Necro}
 35163 | Spider:4 | Identified a scarf of resistance
 35268 | Spider:4 | Reached skill level 17 in Maces & Flails
 35460 | Spider:4 | Acquired the +0 hat of Asceticism {Regen+}
 35874 | Elf:1    | Entered Level 1 of the Elven Halls
 36010 | Elf:1    | Reached skill level 10 in Dodging
 36083 | Elf:1    | Found a flickering gateway to a bazaar.
 36118 | Bazaar   | Entered a bazaar
 36156 | Bazaar   | Found Mowoxy's Antique Armour Boutique.
 36156 | Bazaar   | Found Tipyobuz's Book Boutique.
 36158 | Bazaar   | Found Teavis's Assorted Antiques.
 36161 | Bazaar   | Found Debatti's Weapon Boutique.
 36167 | Bazaar   | Bought a scroll of brand weapon for 209 gold pieces
 36167 | Bazaar   | Bought a potion of heal wounds for 110 gold pieces
 36167 | Bazaar   | Bought a distressingly furry crystal plate armour for 1870
                  | gold pieces
 36167 | Bazaar   | Identified the +13 crystal plate armour "Kaclemug" {rN+
                  | SInv} (You bought it in a shop in a bazaar)
 36178 | Bazaar   | Found Telo's Antique Weapon Boutique.
 36191 | Bazaar   | Found Ninistroi's Distillery.
 36220 | Bazaar   | Bought a potion of mutation for 80 gold pieces
 36220 | Bazaar   | Bought a potion of attraction for 30 gold pieces
 36220 | Bazaar   | Bought a potion of might for 40 gold pieces
 36220 | Bazaar   | Bought a potion of magic for 80 gold pieces
 36220 | Bazaar   | Bought 2 potions of mutation for 160 gold pieces
 36220 | Bazaar   | Bought a potion of might for 40 gold pieces
 36392 | Elf:1    | Noticed Agnes
 36395 | Elf:1    | Killed Agnes
 37530 | Elf:2    | Reached skill level 1 in Throwing
 37745 | Elf:2    | Identified the +11 great mace of Hilon {distort, rPois}
 37812 | Elf:2    | Reached skill level 2 in Throwing
 37985 | Elf:2    | Found a runed translucent gate.
 37985 | Elf:2    | Found a runed translucent gate.
 37986 | Elf:2    | Found a runed translucent gate.
 38002 | Elf:2    | Reached skill level 18 in Maces & Flails
 38002 | Elf:2    | Reached skill level 3 in Throwing
 38183 | Elf:2    | Found Myurirr's Antique Weapon Shop.
 38280 | Elf:2    | Found Verphenn's Weapon Boutique.
 38308 | Elf:2    | Found Azuonuk's Weapon Shoppe.
 38420 | Elf:2    | Found Latz's Jewellery Shop.
 38540 | Elf:2    | Got the Quarto of the Retinue
 38839 | Vaults:1 | Entered Level 1 of the Vaults
 38982 | Vaults:1 | Reached skill level 4 in Throwing
 39306 | Vaults:1 | Found Wicatam's Antique Armour Emporium.
 39781 | Vaults:1 | Reached skill level 5 in Throwing
 40514 | Vaults:1 | Reached XP level 20. HP: 201/201 MP: 14/27
 40539 | Vaults:1 | Reached skill level 19 in Maces & Flails
 41103 | Vaults:1 | Identified the +2 chain mail "Gyasepse" {Harm rPois}
 41259 | Vaults:2 | Reached skill level 6 in Throwing
 41651 | Vaults:2 | Identified the ring of Guczeveg {+Blink rC+ rN+}
 41755 | Vaults:2 | Reached skill level 7 in Throwing
 42268 | Vaults:2 | Found a staircase to the Crypt.
 42511 | Vaults:2 | Reached skill level 20 in Maces & Flails
 43422 | Vaults:3 | Noticed Jory
 43430 | Vaults:3 | Killed Jory
 43629 | Vaults:3 | Reached skill level 8 in Throwing
 43631 | Vaults:3 | Reached skill level 17 in Shapeshifting
 43906 | Vaults:3 | Reached XP level 21. HP: 208/208 MP: 19/28
 46274 | Vaults:4 | Reached skill level 9 in Throwing
 46366 | Vaults:4 | Reached skill level 21 in Maces & Flails
 46385 | Vaults:4 | Found Joibaw's Armour Boutique.
 46896 | Depths:1 | Entered Level 1 of the Depths
 46996 | Depths:1 | Found a one-way gate leading to the halls of Pandemonium.
 47653 | Depths:1 | Found a sacrificial altar of Ru.
 48115 | Depths:1 | Found a gateway to Hell.
 48783 | Elf:2    | Bought the ring "Byewavut" {Int+3 Slay+4} for 1460 gold
                  | pieces
 49093 | Depths:1 | Paralysed by an air elemental for 1 turns
 49256 | Depths:1 | Found the +2 Maxwell's thermic engine {flame, freeze, rev}
 49333 | Depths:1 | Noticed an ancient lich
 49335 | Depths:1 | Killed an ancient lich
 49337 | Depths:1 | Reached skill level 10 in Throwing
 49362 | Depths:1 | Identified the +0 robe of the Hunter {Regen+ rCorr Int-3
                  | Dex+6}
 49366 | Depths:1 | Identified a +1 crystal plate armour
 49787 | Depths:2 | Reached XP level 22. HP: 217/217 MP: 2/29
 49819 | Depths:2 | Reached skill level 18 in Shapeshifting
 49999 | Depths:2 | Reached skill level 22 in Maces & Flails
 50077 | Depths:2 | Found a one-way gateway to a ziggurat.
 50098 | Depths:2 | Found Idyet's Weapon Shop.
 51003 | Depths:3 | Found the +7 great mace "Firestarter" {flame, immolate,
                  | rFlCloud rF++}
 51143 | Depths:3 | Reached skill level 13 in Fighting
 51274 | Depths:3 | Noticed a golden dragon
 51277 | Depths:3 | Killed a golden dragon
 51335 | Depths:3 | Noticed a juggernaut
 51339 | Depths:3 | Killed a juggernaut
 51797 | Depths:3 | Found a one-way gate to the infinite horrors of the Abyss.
 52150 | Depths:4 | Entered Level 4 of the Depths
 52154 | Depths:4 | Found Vuplucisih's Jewellery Boutique.
 52544 | Depths:4 | Noticed Mennas
 52562 | Depths:4 | Killed Mennas
 53974 | Depths:4 | Reached skill level 19 in Shapeshifting
 54139 | Depths:4 | Found a gate to the Realm of Zot.
 54653 | Elf:3    | Entered Level 3 of the Elven Halls
 54722 | Elf:3    | Found Ostraim's Weapon Shop.
 54734 | Elf:3    | Reached skill level 12 in Translocations
 54965 | Elf:3    | Found Addoimn's Neck Hole.
 55697 | Elf:3    | Reached XP level 23. HP: 230/230 MP: 7/30
 55861 | Elf:3    | Reached skill level 14 in Fighting
 56219 | Elf:3    | Identified the +2 morningstar "Nijorph" {spect, rN+ Will+}
 56325 | Elf:3    | Identified the +1 plate armour of the Evening {SInv}
 56491 | Elf:3    | Found the +6 lightning scales {swift, rElec}
 56526 | Elf:3    | Identified the staff "Poloq" {rPois Dex+8 Ice Earth}
 56529 | Elf:3    | Identified the staff of Fury {rPois rN+ Int+2 Dex+4 Necro
                  | Fire}
 56547 | Elf:3    | Got the Information on Lightning
 56559 | Elf:3    | Identified the +1 hand axe of a volcano {vamp, +Blink rF+
                  | Dex+2}
 56564 | Elf:3    | Identified the +1 flail "Cusajin" {flame, Str+3}
 57136 | Vaults:5 | Entered Level 5 of the Vaults
 57233 | Vaults:5 | Noticed a dread lich
 57238 | Vaults:5 | Killed a dread lich
 57284 | Vaults:5 | Noticed a dread lich
 57284 | Vaults:5 | Paralysed by a dread lich for 5 turns
 57299 | Vaults:5 | Killed a dread lich
 57367 | Vaults:5 | Reached skill level 13 in Translocations
 57734 | Vaults:5 | You are cast into the Abyss!
 57734 | Abyss:2  | Cast into level 2 of the Abyss (a deep elf sorcerer)
 57748 | Abyss:2  | Reached skill level 15 in Fighting
 57751 | Abyss:2  | Reached skill level 20 in Shapeshifting
 57965 | Abyss:2  | Noticed an ancient lich
 57968 | Abyss:2  | Killed an ancient lich
 57970 | Vaults:5 | You pass through the gate.
 57970 | Vaults:5 | Escaped the Abyss
 58007 | Vaults:5 | Reached XP level 24. HP: 245/245 MP: 11/30
 58274 | Vaults:5 | Got the Volume of Doomed Haze
 58281 | Vaults:5 | Identified the +0 spear of Rubbish {holy, ^Fragile rPois
                  | Str+2}
 58579 | Vaults:5 | Got a silver rune of Zot
 58830 | Vaults:5 | Got the Tome of Stones
 59015 | Vaults:5 | Found the +3 hat of Pondering {ponderous, Will+ MP+10
                  | Int+5}
 59346 | Vaults:5 | Identified the staff of Ythrea {rC+ Conj Ice}
 59347 | Vaults:5 | Identified the +3 storm dragon scales "Umonlual" {Harm
                  | rElec rPois rN+ Str+2 Int-5}
 59812 | Zot:1    | Entered Level 1 of the Realm of Zot
 59843 | Zot:1    | Identified the ring of Machod {Ice rPois rN+++ Will-}
 59843 | Zot:1    | Noticed Josephina
 59846 | Zot:1    | Killed Josephina
 60678 | Zot:2    | Reached skill level 14 in Translocations
 60731 | Zot:2    | Reached skill level 16 in Fighting
 60943 | Zot:2    | Killed a curse skull
 61000 | Zot:2    | Identified the orb of Light {guile, rPois MP-9 SInv}
 61593 | Zot:3    | Noticed Vv
 61597 | Zot:3    | Killed a curse toe
 61610 | Zot:3    | Reached skill level 21 in Shapeshifting
 61778 | Zot:3    | Found a runed translucent gate.
 61779 | Zot:3    | Found a runed translucent gate.
 61780 | Zot:3    | Found a runed translucent gate.
 61781 | Zot:3    | Noticed Kinwaexu's ghost (veteran OnBe)
 62380 | Zot:4    | Noticed an orb of fire
 62783 | Zot:4    | Noticed a Killer Klown
 62789 | Zot:4    | Killed a Killer Klown
 62818 | Zot:4    | Noticed an orb of fire
 62825 | Zot:4    | Killed an orb of fire
 62831 | Zot:4    | Noticed a Killer Klown
 62833 | Zot:4    | Killed a Killer Klown
 63355 | Zot:5    | Entered Level 5 of the Realm of Zot
 63412 | Zot:5    | Reached XP level 25. HP: 260/260 MP: 11/30
 63659 | Zot:5    | Reached skill level 15 in Translocations
 63746 | Zot:5    | Noticed an ancient lich
 63747 | Zot:5    | Noticed an orb of fire
 63755 | Zot:5    | Noticed an electric golem
 63756 | Zot:5    | Reached skill level 17 in Fighting
 63756 | Zot:5    | Killed a Killer Klown
 63757 | Zot:5    | Noticed an orb of fire
 63761 | Zot:5    | Noticed an orb of fire
 63765 | Zot:5    | Noticed an electric golem
 63772 | Zot:5    | Killed an electric golem
 63773 | Zot:5    | Killed an electric golem
 63774 | Zot:5    | Killed an ancient lich
 63816 | Zot:5    | Got the Orb of Zot
 63853 | Zot:5    | Noticed a Killer Klown
 63943 | Zot:3    | Killed Vv
 64027 | Zot:1    | Noticed Gaont the pandemonium lord
 64035 | Zot:1    | Killed Gaont the pandemonium lord
 64328 | D:11     | Noticed Degat the pandemonium lord
 64334 | D:11     | Killed Degat the pandemonium lord
 64584 | D:1      | Reached skill level 22 in Shapeshifting
 64592 | D:$      | Escaped with the Orb!

Vanquished Creatures
  2 pandemonium lords
  2 dread liches (Vaults:5)
  3 ancient liches
  Mennas (Depths:4)
  A juggernaut (Depths:3)
  Josephina (Zot:1)
  A Killer Klown (Zot:4)
  Vv (Zot:3)
  Saint Roka (Orc:2)
  Jory (Vaults:3)
  4 golden dragons
  Arachne (Spider:2)
  A bone dragon (Depths:4)
  An electric golem (Zot:5)
  A Tzitzimitl (Depths:2)
  9 tentacled monstrosities
  A Hell Sentinel (Zot:1)
  Mlioglotl (Swamp:4)
  A walking earthen tome (Depths:3)
  6 liches
  8 Orb Guardians
  A quicksilver dragon (Zot:5)
  A walking frostbound tome (Depths:3)
  4 titans (Vaults:5)
  3 deep elf master archers (Elf:3)
  2 deep elf blademasters (Elf:3)
  7 sphinxes
  An Executioner (Zot:5)
  An ancient champion (Vaults:2)
  A tentacled starspawn (Abyss:2)
  A death cob (Zot:5)
  4 shadow dragons
  Agnes (Elf:1)
  11 tengu reavers
  Aizul (Spider:2)
  Donald (Orc:2)
  7 storm dragons
  2 draconian monks
  6 fire giants
  10 emperor scorpions
  An iron dragon (Depths:1)
  10 deep elf sorcerers
  A draconian knight (Zot:3)
  8 frost giants
  3 draconian scorchers
  5 ghost moths
  6 deep elf elementalists
  18 vault wardens
  5 formless jellyfish
  A ghoul (Vaults:2)
  An angel (Zot:2)
  A cacodemon (D:1)
  A spriggan defender (Depths:3)
  3 orc warlords
  3 broodmothers
  17 stone giants
  14 ironbound preservers
  A draconian annihilator (Zot:1)
  16 very ugly things
  11 ironbound thunderhulks
  2 lorocyprocas
  Nessos (Orc:2)
  4 black draconians
  8 deep elf demonologists
  2 vampire knights (Depths:4)
  3 bunyips
  3 green draconians
  6 deep elf annihilators
  6 dire elephants
  An eleionoma (Swamp:4)
  5 war gargoyles
  A purple draconian (Zot:3)
  A minotaur (Gauntlet)
  Azrael (D:15)
  6 deep elf death magi (Elf:3)
  4 red draconians (Depths:4)
  3 white draconians
  A spark wasp (Spider:2)
  5 yellow draconians
  3 green deaths
  6 fire dragons
  2 eidola
  7 deep elf high priests
  2 blizzard demons
  3 crystal guardians
  4 ettins
  8 entropy weavers
  9 great orbs of eyes
  2 shambling mangroves
  19 yaktaur captains
  An entropy weaver (shapeshifter) (Elf:2)
  28 hydras
  7 ice dragons
  Erolcha (Orc:1)
  3 ghost crabs
  3 rakshasas (D:15)
  2 peacekeepers
  4 hell beasts
  27 vault guards
  2 catoblepae
  9 centaur warriors
  2 ogre magi (Vaults:5)
  3 radroaches
  10 ironbound frosthearts
  A spriggan air mage (Depths:3)
  4 alligators
  A death knight (D:11)
  11 boulder beetles
  14 two-headed ogres
  5 tengu warriors
  10 death yaks (Lair:5)
  6 deep troll shamans
  A hell hog (Depths:1)
  5 deep troll earth magi
  5 thrashing horrors
  16 dancing weapons
  6 spriggan berserkers
  6 demonic crawlers
  A shock serpent (shapeshifter) (D:15)
  A naga sharpshooter (D:15)
  13 deep elf knights
  7 hell knights
  An occultist (Depths:1)
  An orc high priest (Orc:2)
  Sonja (Lair:4)
  3 sixfirhies (D:15)
  Nergalle (Orc:1)
  A sun demon (D:15)
  3 wretched stars (Abyss:2)
  2 shadow wraiths
  10 pharaoh ants
  A salamander mystic (Depths:2)
  A skyshark (Lair:4)
  6 goliath frogs
  4 iron trolls
  A flayed ghost (Depths:3)
  5 orb spiders
  9 bog bodies
  37 deep trolls
  4 glowing orange brains
  6 large abominations
  15 deep elf archers
  3 spriggan druids
  A sun moth (Spider:3)
  25 ironbound convokers
  A mana viper (shapeshifter) (Vaults:5)
  6 lindwurms
  13 steelbarb worms
  32 deep elf pyromancers
  A golden dragon skeleton (Depths:2)
  8 swamp dragons
  23 deep elf zephyrmancers
  14 harpies
  14 orc knights
  3 necromancers
  12 arcanists
  8 phantasmal warriors
  39 ugly things
  An oklob plant (Zot:2)
  A lightning spire (Zot:2)
  4 manticores
  A faun (shapeshifter) (Vaults:5)
  A worldbinder (Abyss:2)
  16 wolf spiders
  4 orc sorcerers
  6 salamanders
  2 cyclopes (D:11)
  18 meliai
  22 moths of wrath
  4 black mambas
  24 elephants
  5 kobold blastminers
  4 will-o-the-wisps
  An apocalypse crab (Abyss:2)
  2 meliai (shapeshifter)
  A storm dragon simulacrum (Zot:1)
  17 vault sentinels
  3 rust devils
  A smoke demon (Abyss:2)
  6 torpor snails
  14 gargoyles
  8 orange demons
  22 cane toads
  6 rime drakes
  4 komodo dragons
  A hellion (D:10)
  2 kobold demonologists (D:11)
  2 tormentors
  54 yaktaurs
  An unseen horror (shapeshifter) (Vaults:5)
  An ice devil (Gauntlet)
  5 freezing wraiths
  A golden dragon simulacrum (Zot:1)
  A ghost moth simulacrum (Zot:1)
  4 tengu conjurers
  An efreet (Abyss:2)
  A red devil (D:11)
  9 trolls
  3 ancient zymes (Abyss:2)
  3 bloated husks
  A queen bee (Spider:1)
  2 polar bears
  Prince Ribbit (D:5)
  2 merfolk (shapeshifter)
  15 blink frogs
  A hornet (shapeshifter) (D:13)
  2 glass eyes
  12 hornets
  A raiju (D:15)
  20 tarantellas
  2 wolf spider simulacra (D:15)
  A raiju (shapeshifter) (D:15)
  9 tyrant leeches
  A fire giant simulacrum (Depths:2)
  A spriggan zombie (Depths:2)
  24 jumping spiders
  A dream sheep (shapeshifter) (D:13)
  24 slime creatures
  14 culicivoras
  3 ynoxinuls
  2 shadows
  7 air elementals
  12 wyverns
  9 spriggans
  5 water elementals
  4 starcursed masses (Abyss:2)
  2 steam dragons
  37 yaks
  7 wraiths
  10 basilisks
  A basilisk (shapeshifter) (D:15)
  6 fire elementals
  53 redbacks
  2 wargs
  2 chaos spawn
  Edmund (D:4)
  Menkaure (D:4)
  A red draconian simulacrum (Zot:1)
  14 vampire mosquitoes
  16 swamp worms
  3 acid dragons
  7 hell hounds
  15 water moccasins
  A moth of wrath simulacrum (Zot:1)
  A glowing shapeshifter skeleton (Depths:2)
  A meliai simulacrum (D:15)
  A swamp drake (Swamp:1)
  2 ice beasts
  41 orc warriors
  A black bear (D:8)
  2 small abominations (Abyss:2)
  2 black bears (shapeshifter) (Elf:2)
  A crocodile (shapeshifter) (Abyss:2)
  8 laughing skulls
  14 ogres
  19 wolves
  8 centaurs
  2 phantoms
  4 kobold brigands
  14 bullfrogs
  4 scorpions
  A gnoll sergeant (D:11)
  3 earth elementals
  A wight (D:6)
  22 killer bees
  6 electric eels
  10 howler monkeys
  2 bombardier beetles
  5 jellies
  6 hounds (D:8)
  3 gnoll boudas
  27 orc priests
  4 iron imps (Gauntlet)
  2 sleepcaps
  Natasha (thrice) (D:2)
  Terence (D:2)
  27 orc wizards
  4 iguanas
  11 hell rats
  Robin (D:2)
  16 gnolls
  7 adders
  A white imp (D:7)
  2 ufetubi (D:6)
  2 dart slugs
  107 orcs
  2 bats
  5 endoplasms
  3 giant cockroaches
  19 goblins
  8 hobgoblins
  7 jackals
  24 kobolds
  5 quokkas
  2 ball pythons
  4 frilled lizards
  6 rats
2023 creatures vanquished.

Vanquished Creatures (collateral kills)
  2 orbs of fire (Zot:4)
  A curse toe (Zot:3)
  A Killer Klown (Zot:4)
  A golden dragon (Zot:2)
  3 bone dragons (Zot:4)
  An electric golem (Zot:5)
  A tentacled monstrosity (Zot:3)
  6 Orb Guardians (Zot:5)
  A death cob (Zot:2)
  A shadow dragon (Zot:4)
  11 storm dragons
  A draconian knight (Zot:4)
  2 draconian shifters
  3 draconian monks
  A ghost moth (Zot:5)
  3 draconian scorchers
  A curse skull (Zot:2)
  2 draconian stormcallers
  2 draconian annihilators (Zot:2)
  5 green draconians
  A black draconian (Zot:4)
  5 purple draconians
  3 white draconians
  4 yellow draconians
  4 red draconians
  3 lightning spires (Zot:2)
  2 oklob plants (Zot:2)
  8 moths of wrath
  A large abomination (Zot:5)
  A hell hound (Zot:5)
81 creatures vanquished.

Vanquished Creatures (others)
  2 orbs of fire
  An ancient lich (Zot:5)
  A Killer Klown (Zot:5)
  4 tentacled monstrosities
  10 Orb Guardians
  2 quicksilver dragons
  2 death cobs
  3 storm dragons
  A shadow dragon (Zot:5)
  A draconian monk (Zot:4)
  3 draconian knights
  2 draconian scorchers
  A draconian shifter (Zot:3)
  A draconian stormcaller (Zot:5)
  2 draconian annihilators (Zot:3)
  2 black draconians
  4 yellow draconians
  5 purple draconians
  5 white draconians
  3 red draconians (Zot:3)
  An obsidian statue (Zot:2)
  2 moths of wrath
  A rime drake (Lair:4)
  A bloated husk (Swamp:1)
  A fire elemental (D:15)
  3 killer bees (Spider:1)
  An orc wizard (D:10)
  8 foxfires
  A lurking horror (Abyss:2)
  36 spectral weapons
  2 starspawn tentacles (Abyss:2)
112 creatures vanquished.

Grand Total: 2216 creatures vanquished

Table legend: (Time is in decaauts)
 A = Elapsed time spent in this place.
 B = Non-inter-level travel time spent in this place.
 C = Inter-level travel time spent in this place.
 D = Time resting spent in this place.
 E = Time spent auto-exploring this place.
 F = Levels seen in this place.
 G = Mean time per level.
                   A        B        C        D        E       F      G
               +--------+--------+--------+--------+--------+-----+--------+
         Total |  85972 |  76860 |   9112 |  13902 |  47469 |  51 | 1685.7 |
       Dungeon |  18720 |  15186 |   3534 |   1645 |   9987 |  15 | 1248.0 |
          Lair |   7407 |   6684 |    723 |   1646 |   3300 |   5 | 1481.4 |
         Swamp |   6696 |   6422 |    274 |   1315 |   4255 |   4 | 1674.0 |
   Spider Nest |   9048 |   8745 |    303 |   2773 |   4470 |   4 | 2262.0 |
  Orcish Mines |   3769 |   2991 |    778 |    702 |   1276 |   2 | 1884.5 |
   Elven Halls |   6993 |   6013 |    980 |   1587 |   3170 |   3 | 2331.0 |
        Vaults |  14571 |  13400 |   1171 |   1449 |   9421 |   5 | 2914.2 |
        Depths |  10927 |  10052 |    875 |   2079 |   6675 |   4 | 2731.8 |
           Zot |   6314 |   5845 |    469 |    528 |   4269 |   5 | 1262.8 |
         Abyss |    333 |    333 |      0 |      0 |    156 |   1 |  333.0 |
        Bazaar |    150 |    150 |      0 |      0 |    106 |   1 |  150.0 |
        Bailey |    346 |    346 |      0 |     48 |     39 |   1 |  346.0 |
      Gauntlet |    693 |    693 |      0 |    127 |    342 |   1 |  693.0 |
               +--------+--------+--------+--------+--------+-----+--------+

Top non-repeatable levels by time:
Depths:4: 3460 daAuts
Depths:1: 3429 daAuts
Vaults:1: 3387 daAuts
Vaults:3: 3156 daAuts
   Elf:3: 3144 daAuts
Vaults:5: 2986 daAuts
    D:15: 2964 daAuts
Spider:1: 2863 daAuts
Vaults:4: 2834 daAuts
Spider:3: 2498 daAuts
   Orc:2: 2482 daAuts
 Swamp:4: 2451 daAuts
Vaults:2: 2207 daAuts
Depths:3: 2189 daAuts
   Elf:1: 2150 daAuts

Table legend:
 A = Non-vault XP
 B = Vault XP
 C = Vault XP percentage of total XP
 D = Non-vault monster count
 E = Vault monster count
 F = Vault count percentage of total count
                 A         B        C        D         E       F
            +---------+---------+-------+---------+---------+-------
      Total |  617561 |  539586 |  46.6 |    1276 |     805 |  38.7
            +---------+---------+-------+---------+---------+-------
        D:1 |      20 |       2 |   9.1 |      11 |       1 |   8.3
        D:2 |     139 |     105 |  43.0 |      20 |      14 |  41.2
        D:3 |      25 |       0 |   0.0 |      14 |       0 |   0.0
        D:4 |     627 |     345 |  35.5 |      20 |       2 |   9.1
        D:5 |     766 |     348 |  31.2 |      17 |       4 |  19.0
        D:6 |     556 |      74 |  11.7 |      19 |       1 |   5.0
        D:7 |     835 |       0 |   0.0 |      26 |       0 |   0.0
        D:8 |     808 |     578 |  41.7 |      12 |      11 |  47.8
        D:9 |    1712 |       0 |   0.0 |      27 |       0 |   0.0
       D:10 |    3865 |     329 |   7.8 |      17 |      16 |  48.5
       D:11 |    4053 |   12250 |  75.1 |      24 |      34 |  58.6
       D:12 |    3387 |       0 |   0.0 |      15 |       0 |   0.0
       D:13 |    5917 |    2748 |  31.7 |      19 |       5 |  20.8
       D:14 |   13630 |    2928 |  17.7 |      22 |       4 |  15.4
       D:15 |       0 |   29856 | 100.0 |       0 |      57 | 100.0
     Lair:1 |     763 |       0 |   0.0 |       4 |       0 |   0.0
     Lair:2 |    8452 |    2131 |  20.1 |      26 |       6 |  18.8
     Lair:3 |   12759 |    5903 |  31.6 |      41 |       8 |  16.3
     Lair:4 |    6942 |    6961 |  50.1 |      23 |      29 |  55.8
     Lair:5 |   18457 |   12570 |  40.5 |      50 |      40 |  44.4
    Swamp:1 |   13080 |     606 |   4.4 |      24 |       2 |   7.7
    Swamp:2 |    9866 |       0 |   0.0 |      19 |       0 |   0.0
    Swamp:3 |    9855 |       0 |   0.0 |      19 |       0 |   0.0
    Swamp:4 |   10330 |   23866 |  69.8 |      23 |      32 |  58.2
   Spider:1 |   25025 |    4079 |  14.0 |      66 |      18 |  21.4
   Spider:2 |   10367 |    4694 |  31.2 |      22 |       6 |  21.4
   Spider:3 |   21776 |    1148 |   5.0 |      53 |       2 |   3.6
   Spider:4 |    9393 |   17153 |  64.6 |      24 |      22 |  47.8
      Orc:1 |    4113 |    1636 |  28.5 |      33 |       2 |   5.7
      Orc:2 |    3210 |   11958 |  78.8 |      43 |      72 |  62.6
      Elf:1 |   13023 |   11124 |  46.1 |      22 |      16 |  42.1
      Elf:2 |   30012 |    2480 |   7.6 |      46 |       3 |   6.1
      Elf:3 |    6737 |   37395 |  84.7 |      11 |      32 |  74.4
   Vaults:1 |   27690 |   22704 |  45.1 |      49 |      36 |  42.4
   Vaults:2 |   40701 |   20939 |  34.0 |      56 |      26 |  31.7
   Vaults:3 |   24090 |   13925 |  36.6 |      34 |      16 |  32.0
   Vaults:4 |   25857 |   24432 |  48.6 |      35 |      31 |  47.0
   Vaults:5 |   27353 |  103095 |  79.0 |      39 |      94 |  70.7
   Depths:1 |   27628 |   21418 |  43.7 |      31 |      29 |  48.3
   Depths:2 |   26898 |    9736 |  26.6 |      34 |      11 |  24.4
   Depths:3 |   23941 |   21714 |  47.6 |      27 |      14 |  34.1
   Depths:4 |   25606 |   23034 |  47.4 |      25 |      19 |  43.2
      Zot:1 |    7565 |    4974 |  39.7 |      10 |       6 |  37.5
      Zot:2 |   26076 |    5781 |  18.1 |      23 |       9 |  28.1
      Zot:3 |   28195 |    3718 |  11.7 |      24 |       2 |   7.7
      Zot:4 |   13420 |   33372 |  71.3 |      17 |      24 |  58.5
      Zot:5 |   17903 |   32155 |  64.2 |      17 |      17 |  50.0
    Abyss:2 |   24138 |       0 |   0.0 |      43 |       0 |   0.0
     Bailey |       0 |    2065 | 100.0 |       0 |      21 | 100.0
   Gauntlet |       0 |    3257 | 100.0 |       0 |      11 | 100.0
            +---------+---------+-------+---------+---------+-------
